 Dungeon Crawl Stone Soup version 0.30-a0-439-g9e77e4d916 (webtiles) character file.

Game seed: 9995855348957997662

394 cforsyth the Trooper (level 6, -5/56 HPs)
             Began as a Minotaur Berserker on Dec 11, 2022.
             Was a Priest of Trog.
             Slain by Sigmund
             ... wielding a +2 scythe of freezing
              (9 damage)
             ... on level 4 of the Dungeon.
             The game lasted 00:04:49 (2710 turns).

cforsyth the Trooper (Minotaur Berserker)           Turns: 2710, Time: 00:04:50

Health: -5/56      AC:  9    Str: 24    XL:     6   Next: 52%
Magic:  5/5        EV: 11    Int:  4    God:    Trog [***...]
Gold:   162        SH:  0    Dex:  9    Spells: 5/5 levels left

rFire   . . .      SeeInvis .    a - +0 hand axe
rCold   . . .      Faith    .    (no shield)
rNeg    . . .      Spirit   .    m - +0 scale mail
rPois   .          Reflect  .    (helmet restricted)
rElec   .          Harm     .    t - +1 cloak
rCorr   .          Rampage  .    (no gloves)
Will    ++...                    (no boots)
Stlth   ..........               (no amulet)
HPRegen 1.29/turn                (no ring)
MPRegen 0.09/turn                (no ring)

@: strong-willed, on berserk cooldown, flying, regenerating, slowed, very slow
A: horns 2, retaliatory headbutt
a: Renounce Religion, Berserk, Trog's Hand


You were on level 4 of the Dungeon.
You worshipped Trog.
Trog was most pleased with you.
You visited 1 branch of the dungeon, and saw 4 of its levels.

You collected 162 gold pieces.

Inventory:

Hand Weapons
 a - a +0 hand axe (weapon)
Armour
 b - a +0 animal skin
 m - a +0 scale mail (worn)
 t - a +1 cloak (worn)
Jewellery
 n - an amulet of guardian spirit
Wands
 q - a wand of flame (39)
Scrolls
 h - 2 scrolls of magic mapping {unknown}
 j - 2 scrolls of identify {unknown}
 k - a scroll of summoning {unknown}
 p - 2 scrolls of teleportation {unknown}
 r - a scroll of acquirement {unknown}
 s - a scroll of enchant armour {unknown}
 u - a scroll of vulnerability {unknown}
 w - a scroll of brand weapon {unknown}
 x - a scroll of amnesia {unknown}
 y - a scroll of fog {unknown}
Potions
 c - a potion of might {unknown}
 d - a potion of mutation {unknown}
 e - a potion of brilliance {unknown}
 f - a potion of resistance {unknown}
 g - a potion of ambrosia {unknown}
 i - a potion of cancellation {unknown}
 l - a potion of flight
 o - a potion of haste {unknown}
 v - a potion of heal wounds {unknown}
 z - 2 potions of magic {unknown}


   Skills:
 + Level 5.4 Fighting
 + Level 5.4 Axes
 + Level 4.7 Armour
 + Level 4.2 Dodging


You had 5 spell levels left.
You didn't know any spells.
Your spell library was empty.

Dungeon Overview and Level Annotations

Branches:
Dungeon (4/15)
 Temple: D:4-7

Altars:

Annotations:
D:4 Sigmund


Innate Abilities, Weirdness & Mutations

You have a pair of horns on your head.
You reflexively headbutt those who attack you in melee.


Message History

Unknown command.
You completely miss something. Something hits you. Something freezes you.
Something hits you.
* * * LOW HITPOINT WARNING * * *
Something freezes you.
* * * LOW HITPOINT WARNING * * *
Unknown command.
You barely miss something.
You hear some strange, mumbled words.
A magic dart appears from out of thin air!
The magic dart hits you but does no damage.
Unknown command.
Unknown command.
You barely miss something.
You hear some strange, mumbled words.
A magic dart appears from out of thin air!
The magic dart hits you.
* * * LOW HITPOINT WARNING * * *
Unknown command.
Unknown command.
Your skin crawls.
You feel strong-willed. Something hits you.
* * * LOW HITPOINT WARNING * * *
Something freezes you.
* * * LOW HITPOINT WARNING * * *
Unknown command.
Unknown command.
Unknown command.
You slash something! Something hits you.
* * * LOW HITPOINT WARNING * * *
Something freezes you.
* * * LOW HITPOINT WARNING * * *
Unknown command.
Unknown command.
Unknown command.
It was a potion of flight.
You feel very buoyant.
You fly up into the air.
Something hits you!
You die...

#w.#..###............
#..#...............##
#..#.####...##.##..#
##.......<......##..#
##.#.#.####...####...#
##....#.# ##.## #..##
##.....#.# #.# #..#
##........# #.# #..#
#.)......@# #.#####..###
##......{.# #...........
#####.....#.###########..###
#.......)................#
#.###..).##############.##
......#.## #..........#
#######.# #.##########
#.######.# #...>....#


There were no monsters in sight!

Vanquished Creatures
  Eustachio (D:4)
  An ogre (D:3)
  Terence (D:3)
  An iguana (D:4)
  An adder (D:3)
  4 worms
  5 dart slugs
  5 orcs (D:3)
  5 bats
  8 endoplasms
  2 giant cockroaches
  6 goblins
  5 hobgoblins
  17 jackals
  8 kobolds
  4 quokkas
  7 ball pythons
  3 frilled lizards
  5 rats
89 creatures vanquished.

Vanquished Creatures (others)
  44 plants (D:3)
44 creatures vanquished.

Grand Total: 133 creatures vanquished

Notes
Turn   | Place    | Note
-------+----------+-------------------------------------------
     0 | D:1      | cforsyth the Minotaur Berserker began the quest for the
                  | Orb.
     0 | D:1      | Reached XP level 1. HP: 19/19 MP: 0/0
    59 | D:1      | Reached XP level 2. HP: 9/27 MP: 1/1
   445 | D:1      | Reached XP level 3. HP: 33/33 MP: 2/2
   450 | D:1      | Reached ** piety under Trog
  1030 | D:2      | Reached XP level 4. HP: 41/41 MP: 3/3
  1665 | D:3      | Reached *** piety under Trog
  1709 | D:3      | Noticed an ogre
  1717 | D:3      | Killed an ogre
  1718 | D:3      | Reached XP level 5. HP: 17/47 MP: 4/4
  1818 | D:3      | Noticed Terence
  1827 | D:3      | Killed Terence
  1828 | D:3      | Reached skill level 5 in Fighting
  2197 | D:3      | Reached skill level 5 in Axes
  2501 | D:4      | Noticed Eustachio
  2509 | D:4      | Killed Eustachio
  2510 | D:4      | Reached XP level 6. HP: 56/56 MP: 5/5
  2665 | D:4      | Noticed Sigmund
  2709 | D:4      | HP: 2/56 [something (1)]
  2710 | D:4      | Slain by Sigmund

Illustrated notes

Levels and vault maps discovered:
D:1:      lemuel_arrival_funnel, layout_rooms
D:2:      layout_loops_corners
D:3:      layout_loops_corners, minmay_misc_feat_pillars, kennysheep_boxes,
          uniq_terence
D:4:      layout_loops_ring, minmay_temple_entry_stoned_glass, uniq_sigmund,
          uniq_eustachio

Skill      XL: |  1  2  3  4  5 |
---------------+----------------+-----
Fighting       | 4 5 |  5.4
Axes           | 4 5 |  5.4
Armour         | 3 4 |  4.7
Dodging        | 3 4 |  4.2

Action                   |  1- 3 |  4- 6 || total
-------------------------+-------+-------++-------
Melee: Hand axe          |    82 |    93 ||   175
       Headbutt          |    19 |    21 ||    40
       Punch             |       |     1 ||     1
Invok: Berserk           |     1 |     3 ||     4
       Trog's Hand       |       |     3 ||     3
  Use: Potion            |       |     1 ||     1
 Stab: Sleeping          |       |     1 ||     1
Armor: Animal skin       |    15 |     2 ||    17
       Scale mail        |       |    23 ||    23
Dodge: Dodged            |    48 |    61 ||   109

Table legend: (Time is in decaauts)
 A = Elapsed time spent in this place.
 B = Non-inter-level travel time spent in this place.
 C = Inter-level travel time spent in this place.
 D = Time resting spent in this place.
 E = Time spent auto-exploring this place.
 F = Levels seen in this place.
 G = Mean time per level.
                   A        B        C        D        E       F      G
               +--------+--------+--------+--------+--------+-----+--------+
         Total |   2758 |   2724 |     34 |    143 |   2067 |   4 |  689.5 |
       Dungeon |   2758 |   2724 |     34 |    143 |   2067 |   4 |  689.5 |
               +--------+--------+--------+--------+--------+-----+--------+

Top non-repeatable levels by time:
     D:3: 928 daAuts
     D:2: 911 daAuts
     D:1: 608 daAuts
     D:4: 311 daAuts
